 Dungeon Sprint DCSS version 0.29.1-12-g30fa7ad0bf (webtiles) character file.

Game seed: 3887416019829685584

6021 Groucho the Unseen (level 10, -6/39 HPs)
             Began as a Spriggan Enchanter on Dec 29, 2022.
             Was a Priest of Dithmenos.
             Mangled by a kraken (35 damage)
             ... in the Dungeon (Sprint II: "The Violet Keep of Menkaure").
             The game lasted 00:05:33 (585 turns).

Groucho the Unseen (Spriggan Enchanter)              Turns: 585, Time: 00:05:33

Health: -6/39      AC:  2    Str:  8    XL:     10   Next: 56%
Magic:  25/25      EV: 24    Int: 17    God:    Dithmenos [***...]
Gold:   303        SH:  0    Dex: 16    Spells: 8/29 levels left

rFire   . . .      SeeInvis +   a - +1 dagger
rCold   . . .      Faith    .   (no shield)
rNeg    . . .      Spirit   .   b - +0 robe
rPois   .          Reflect  .   (helmet restricted)
rElec   .          Harm     .   (no cloak)
rCorr   .          Rampage  .   (gloves unavailable)
Will    ++...      NoTele   +   (boots unavailable)
Stlth   +++++++++.              (no amulet)
HPRegen 0.13/turn               f - ring of flight
MPRegen 0.19/turn               (no ring)

@: flying, wreathed by umbra, invisible, unable to read, very quick
A: very small, no large weapons, unfitting armour, see invisible, speed 3,
deterioration 1, frail 1, strong-willed 1, inability to read after injury 2
a: Renounce Religion, Shadow Step


You were in the Dungeon.
You worshipped Dithmenos.
Dithmenos was most pleased with you.
You visited 1 branch You collected 1215 gold pieces.
You spent 912 gold pieces at shops.

Inventory:

Hand Weapons
 a - a +1 dagger (weapon)
Armour
 b - a +0 robe (worn)
Jewellery
 f - a ring of flight (left hand)
Scrolls
 i - a scroll of blinking
Potions
 d - a potion of curing
 e - 2 potions of heal wounds
 g - 2 potions of magic
 h - a potion of berserk rage


   Skills:
 - Level 10.0 Short Blades
 + Level 10.7 Dodging
 - Level 16.0 Stealth
 - Level 10.0 Spellcasting
 * Level 8.1 Conjurations
 - Level 14.0 Hexes
 + Level 6.1 Fire Magic
 + Level 7.9 Invocations


You had 8 spell levels left.
You knew the following spells:

 Your Spells              Type           Power      Damage    Failure   Level
a - Ensorcelled Hibernat  Hex/Ice        64%        N/A       1%          2
b - Confusing Touch       Hex            54%        N/A       1%          3
c - Dazzling Flash        Conj/Hex       92%        N/A       1%          3
d - Tukima's Dance        Hex            54%        N/A       1%          3
e - Fireball              Conj/Fire      16%        3d8       13%         5
f - Iskenderun's Battles  Conj           36%        2d9       9%          5

Your spell library contained the following spells:

 Spells                   Type           Power      Damage    Failure   Level
 Conjure Ball Lightning   Conj/Air       11%        3x3d6     94%         6
 Orb of Destruction       Conj           18%        9d8       95%         7


Dungeon Overview and Level Annotations

Branches:
Dungeon (1/1)

Altars:
Cheibriados
Dithmenos
Elyvilon
Fedhas
Gozag
Hepliaklqana
Kikubaaqudgha
Makhleb
Nemelex Xobeh
Okawaru
Qazlal
Ru
Sif Muna
Trog
Uskayaw
Vehumet
Wu Jian
Xom
Yredelemnul
Zin
The Shining One
Jiyva
Lugonu

Shops:
D =:![[![(=!?:?(:

Annotations:
D exclusion: oklob plant


Innate Abilities, Weirdness & Mutations

You are very small and have problems with some larger weapons.
You are too small for most types of armour.
You have supernaturally acute eyesight. (SInv)
You cover ground extremely quickly. (Speed+++)
Your body sometimes deteriorates upon taking damage.
You are frail. (-10% HP)
You are strong-willed. (Will+)
You sometimes lose the ability to read scrolls when taking damage.


Message History

Dithmenos accepts your kill.
The helpless hornet fails to defend itself.
You stick the hornet like a pincushion!!!!
You kill the hornet!
Dithmenos accepts your kill.
Your Fire Magic skill increases to level 6!
The helpless yaktaur fails to defend itself.
You skewer the yaktaur like a kebab!!!!
You kill the yaktaur!
Dithmenos accepts your kill.
Your Conjurations skill increases to level 8!
Found 6 stones and a robe.
Okay, then.
Found twelve items.
Found six items.
Found four items.
A kraken comes into view.
The helpless kraken fails to defend itself.
You stick the kraken like a pincushion!!!!
The kraken is heavily wounded.
You hit the kraken but do no damage.
The kraken is heavily wounded.
The kraken bites you!
You hit the kraken.
The kraken is heavily wounded.
You hit the kraken.
The kraken is heavily wounded.
The kraken completely misses you.
You hit the kraken.
The kraken is heavily wounded.
You hit the kraken but do no damage.
The kraken is heavily wounded.
You hit the kraken but do no damage.
The kraken is heavily wounded.
You hit the kraken but do no damage.
The kraken is heavily wounded.
The kraken bites you!!
You feel threatened and lose the ability to read scrolls!
Ouch! That really hurt!
You die...

##.# |▓!?!:?$)$▓▓
..####▓!$:$[?(?▓▓
..##)#▓)!!?(??$▓▓
..#†.#▓)[$!?!$)▓▓
..#†.#▓$!()$?(!▓▓
..##.#▓($()$(|$▓▓
#...##▓▓▓▓▓▓▓+▓▓▓▓+▓
~~~~~~~~~~~~~...≈≈≈▓
~#'########+###.@≈≈▓
~#_._._...#§~§##X≈≈▓
~#._._._._#~~≈≈####▓
~#_._._._.#~~§~≈#
~#._._._._#§§S§≈≈
~#.._._._.#§~~§§§
≈#..._._._#~S~§
≈#...._._.#~~
≈#....._..#~≈


You could see a kraken (unable to see you).

Vanquished Creatures
  A deep elf master archer (D)
  A fire dragon (D)
  3 shining eyes (D)
  2 cane toads (D)
  A yaktaur (D)
  A hornet (D)
  3 polar bears (D)
  2 wyverns (D)
  4 neqoxecs (D)
  Menkaure (D)
  A water moccasin (D)
  4 necrophages (D)
  4 scorpions (D)
28 creatures vanquished.

Vanquished Creatures (others)
  A water moccasin (D)
1 creature vanquished.

Grand Total: 29 creatures vanquished

Notes
Turn   | Place    | Note
-------+----------+-------------------------------------------
     0 | D        | Groucho the Spriggan Enchanter began the quest for the Orb.
     0 | D        | Reached XP level 1. HP: 9/9 MP: 5/5
     3 | D        | Noticed a wyvern
     3 | D        | Noticed a wyvern
     6 | D        | Noticed a neqoxec
     6 | D        | Noticed a neqoxec
     6 | D        | Noticed a neqoxec
     6 | D        | Noticed a neqoxec
     9 | D        | Noticed a scorpion
     9 | D        | Noticed a scorpion
    11 | D        | Noticed a scorpion
    11 | D        | Noticed a scorpion
    12 | D        | Killed a scorpion
    13 | D        | Reached skill level 8 in Stealth
    13 | D        | Reached skill level 5 in Hexes
    13 | D        | Reached XP level 2. HP: 13/13 MP: 5/8
    13 | D        | Reached XP level 3. HP: 16/16 MP: 6/10
    15 | D        | Killed a scorpion
    16 | D        | Reached skill level 10 in Stealth
    16 | D        | Reached skill level 5 in Spellcasting
    16 | D        | Reached XP level 4. HP: 21/21 MP: 6/12
    17 | D        | Killed a scorpion
    18 | D        | Reached skill level 5 in Short Blades
    18 | D        | Reached skill level 11 in Stealth
    18 | D        | Reached XP level 5. HP: 24/24 MP: 6/14
    21 | D        | Reached skill level 12 in Stealth
    30 | D        | Reached skill level 13 in Stealth
    30 | D        | Reached XP level 6. HP: 28/28 MP: 7/17
    33 | D        | Reached skill level 14 in Stealth
    43 | D        | Killed a neqoxec
    44 | D        | Reached skill level 15 in Stealth
    44 | D        | Reached XP level 7. HP: 32/32 MP: 8/20
    45 | D        | Killed a neqoxec
    46 | D        | Reached skill level 16 in Stealth
    46 | D        | Killed a neqoxec
    47 | D        | Reached skill level 10 in Spellcasting
    47 | D        | Reached skill level 10 in Hexes
    49 | D        | Killed a neqoxec
    59 | D        | Killed a wyvern
    60 | D        | Reached XP level 8. HP: 36/36 MP: 9/23
    63 | D        | Reached skill level 10 in Short Blades
    69 | D        | Learned a level 2 spell: Ensorcelled Hibernation
    73 | D        | Learned a level 3 spell: Confusing Touch
    77 | D        | Learned a level 3 spell: Dazzling Flash
    81 | D        | Learned a level 3 spell: Tukima's Dance
    81 | D        | Found Mywaroff's Book Emporium.
    81 | D        | Found Tidum's Magic Scroll Shoppe.
    81 | D        | Found Xifrid's Antique Weapon Shoppe.
    81 | D        | Found Muroh's Book Emporium.
    82 | D        | Found Fakkikh's Distillery.
    82 | D        | Found Anir's Jewellery Emporium.
    82 | D        | Found Famnoqof's Antique Weapon Shoppe.
    83 | D        | Found Seucy's Distillery.
    83 | D        | Found Wouvat's Magic Scroll Emporium.
    83 | D        | Found Limot's Antique Armour Emporium.
    83 | D        | Found Cibus's Antique Armour Shoppe.
    83 | D        | Noticed a hell hog
    96 | D        | Noticed a hell hog
    97 | D        | Found Leykeuhi's Antique Armour Shoppe.
    97 | D        | Found Taoj's Distillery.
    97 | D        | Noticed an oklob plant
    98 | D        | Found Roipiot's Jewellery Shoppe.
    98 | D        | Found Ataaj's Book Shoppe.
   109 | D        | Bought a book of the Spheres for 702 gold pieces
   115 | D        | Learned a level 5 spell: Fireball
   121 | D        | Learned a level 5 spell: Iskenderun's Battlesphere
   139 | D        | Bought a ring of flight for 210 gold pieces
   179 | D        | Found an iron altar of Okawaru.
   179 | D        | Found an opulent altar of Gozag.
   180 | D        | Found a sparkling altar of Nemelex Xobeh.
   180 | D        | Found a blossoming altar of Fedhas.
   181 | D        | Found a radiant altar of Vehumet.
   181 | D        | Found a burning altar of Makhleb.
   181 | D        | Found a white marble altar of Elyvilon.
   182 | D        | Found a hide-covered altar of Uskayaw.
   182 | D        | Found a corrupted altar of Lugonu.
   182 | D        | Found a shadowy altar of Dithmenos.
   183 | D        | Found a glowing silver altar of Zin.
   183 | D        | Found a bloodstained altar of Trog.
   183 | D        | Found an ancient bone altar of Kikubaaqudgha.
   184 | D        | Found a basalt altar of Yredelemnul.
   184 | D        | Found a shimmering blue altar of Sif Muna.
   184 | D        | Found a viscous altar of Jiyva.
   185 | D        | Found a shimmering altar of Xom.
   185 | D        | Found a sacrificial altar of Ru.
   187 | D        | Found a glowing golden altar of the Shining One.
   187 | D        | Found an ornate altar of the Wu Jian Council.
   187 | D        | Found a stormy altar of Qazlal.
   187 | D        | Found a snail-covered altar of Cheibriados.
   187 | D        | Found a hazy altar of Hepliaklqana.
   195 | D        | Became a worshipper of Dithmenos the Shadowed
   209 | D        | Noticed a shining eye
   209 | D        | Noticed a shining eye
   211 | D        | Gained mutation: You are frail. (-10% HP) [a shining eye]
   218 | D        | Gained mutation: Your body sometimes deteriorates upon
                  | taking damage. [a shining eye]
   220 | D        | Killed a shining eye
   220 | D        | Noticed a shining eye
   229 | D        | Gained mutation: You are strong-willed. (Will+) [a shining
                  | eye]
   232 | D        | Gained mutation: You occasionally lose the ability to read
                  | scrolls when taking damage. [a shining eye]
   236 | D        | Gained mutation: You sometimes lose the ability to read
                  | scrolls when taking damage. [a shining eye]
   237 | D        | Killed a shining eye
   238 | D        | Reached skill level 5 in Dodging
   238 | D        | Reached skill level 1 in Fire Magic
   238 | D        | Reached XP level 9. HP: 33/35 MP: 8/24
   245 | D        | Killed a shining eye
   245 | D        | Reached * piety under Dithmenos
   252 | D        | Noticed Menkaure
   259 | D        | Noticed a fire dragon
   261 | D        | Killed a fire dragon
   262 | D        | Reached skill level 5 in Conjurations
   262 | D        | Reached skill level 5 in Invocations
   293 | D        | Killed Menkaure
   524 | D        | Noticed a deep elf master archer
   529 | D        | Killed a deep elf master archer
   529 | D        | Reached ** piety under Dithmenos
   530 | D        | Reached skill level 5 in Fire Magic
   530 | D        | Reached XP level 10. HP: 39/39 MP: 25/25
   532 | D        | Noticed a cane toad
   532 | D        | Noticed a cane toad
   534 | D        | Killed a cane toad
   536 | D        | Killed a cane toad
   548 | D        | Noticed a death drake
   555 | D        | Reached skill level 10 in Dodging
   555 | D        | Reached *** piety under Dithmenos
   570 | D        | Noticed a kraken
   585 | D        | Mangled by a kraken

Illustrated notes

Levels and vault maps discovered:
D:        the_violet_keep_of_menkaure [sprint2_stairs_cluster_1,
          sprint2_shoproom, sprint2_temple, sprint2_basic_supplies,
          sprint2_obstacle_3, sprint2_obstacle_5, sprint2_obstacle_7,
          sprint2_obstacle_6, sprint2_obstacle_4, sprint2_timed_cluster_1,
          sprint2_smallroom_cluster_1, sprint2_smallroom_final_cluster_1,
          sprint2_transparent_cluster_1, sprint2_second_timed_cluster_1,
          sprint2_sniper_area_1, sprint2_heavy_combat_area_1,
          sprint2_mutation_trap_area_1, sprint2_forest_area_1,
          sprint2_light_combat_area_1, sprint2_behind_water_1,
          sprint2_near_end_vault_1]

Skill      XL: |  1  2  3  4  5  6  7  8  9 10 |
---------------+-------------------------------+-----
Short Blades   | 3 4 5 6 7 9 10 | 10.0
Stealth        | 8 10 11 13 15 16 | 16.0
Spellcasting   | 4 5 6 7 8 10 | 10.0
Hexes          | 5 6 7 9 11 14 | 14.0
Dodging        | 5 9 10 | 10.7
Invocations    | 3 6 7 |  7.9
Conjurations   | 2 6 8 |  8.1
Fire Magic     | 1 5 6 |  6.1

Action                   |  1- 3 |  4- 6 |  7- 9 | 10-12 || total
-------------------------+-------+-------+-------+-------++-------
Melee: Dagger            |     3 |     8 |    40 |    15 ||    66
 Cast: Dazzling Flash    |       |       |     7 |       ||     7
       Ensorcelled Hiber |       |       |     1 |       ||     1
       Confusing Touch   |       |       |     1 |       ||     1
  Use: Potion            |     2 |       |     1 |       ||     3
 Stab: Sleeping          |     1 |     6 |     8 |     8 ||    23
       Invisible         |     1 |     1 |     4 |       ||     6
Dodge: Dodged            |     2 |       |     3 |     1 ||     6
